 Dungeon Crawl Stone Soup version 0.28-a0-1159-g27aa881441 (webtiles) character file.

Game seed: 3231080291132612798

48851 freelancePsychic the Arsonist (level 14, -1/111 HPs)
             Began as a Demonspawn Wanderer on Dec 15, 2021.
             Was a High Priest of Vehumet.
             Hit by a large rock thrown by a cyclops (17 damage)
             ... on level 13 of the Dungeon on Dec 16, 2021.
             The game lasted 01:05:58 (20427 turns).

freelancePsychic the Arsonist (DsWn)               Turns: 20427, Time: 01:05:58

Health: -1/111     AC: 11    Str:  8    XL:     14   Next: 13%
Magic:  0/24       EV: 14    Int: 20    God:    Vehumet [*****.]
Gold:   1303       SH:  0    Dex: 18    Spells: 11/27 levels left

rFire   + + .      SeeInvis .   O - staff of fire
rCold   . . .      Faith    .   (no shield)
rNeg    + + +      Spirit   +   E - +1 troll leather armour
rPois   +          Reflect  .   o - +1 hat
rElec   .          Harm     .   Z - +0 cloak
rCorr   .          Rampage  .   n - +0 pair of gloves
Will    +....                   (no boots)
Stlth   +.........              (no amulet)
HPRegen 1.08/turn               u - ring "Ylorel" {Wiz rPois rN+++ Str-2 Dex+4}
MPRegen 0.38/turn               L - ring of protection from fire

@: no status effects
A: antennae 2, yellow scales 2, foul stench 3, magic shield, magic regeneration
a: Renounce Religion


You were on level 13 of the Dungeon.
You worshipped Vehumet.
Vehumet was extremely pleased with you.
You visited 3 branches of the dungeon, and saw 19 of its levels.
You also visited: Gauntlet, Ice Cave and Volcano.

You collected 1303 gold pieces.

Inventory:

Hand Weapons
 a - a +0 falchion
 q - a +0 whip of draining
Missiles
 t - 2 throwing nets
Armour
 n - a +0 pair of gloves (worn)
 o - a +1 hat (worn)
 E - a +1 troll leather armour (worn)
 N - the +2 robe "Ucucinonk" {Drain Str+4 Dex+8}
   (You found it in an ice cave)

   Str:       It affects your strength (+4).
   Dex:       It affects your dexterity (+8).
   Drain:     It drains your maximum health when unequipped.
 Z - a +0 cloak (worn)
Magical Staves
 O - a staff of fire (weapon)
Jewellery
 u - the ring "Ylorel" (left hand) {Wiz rPois rN+++ Str-2 Dex+4}
   (You found it in an ice cave)

   [ring of wizardry]

   It improves your spell success rate.
   Str:       It affects your strength (-2).
   Dex:       It affects your dexterity (+4).
   rPois:     It protects you from poison.
   rN:        It renders you almost immune to negative energy.
 v - a ring of resist corrosion
 w - a +4 ring of evasion
 B - a +6 ring of strength
 L - a ring of protection from fire (right hand)
 R - a ring of wizardry
 U - a ring of ice
 V - a +4 ring of protection
Wands
 e - a wand of polymorph (40)
 F - a wand of paralysis (16)
 I - a wand of digging (12)
 M - a wand of mindburst (4)
 P - a wand of flame (2)
 Y - a wand of acid (1)
Scrolls
 h - 3 scrolls of amnesia
 i - 4 scrolls of teleportation {@r4}
 m - 4 scrolls of noise
 s - 3 scrolls of fog
 y - 2 scrolls of identify {@r1}
 C - a scroll of vulnerability
 G - a scroll of immolation
 K - 4 scrolls of enchant weapon
 W - a scroll of enchant armour
 X - a scroll of silence
Potions
 c - a potion of flight {unknown}
 d - a potion of lignification
 g - a potion of magic
 k - 5 potions of cancellation {unknown}
 l - 3 potions of might
 p - a potion of resistance {unknown}
 r - 7 potions of haste {@q3}
 x - 4 potions of curing {@q1}
 z - 2 potions of ambrosia {unknown}
 A - 2 potions of degeneration {unknown}
 H - a potion of brilliance {unknown}
 J - 4 potions of attraction {unknown}
 Q - 4 potions of mutation
 T - a potion of invisibility {unknown}
Miscellaneous
 b - a piece from Xom's chessboard (15/15)


   Skills:
 - Level 10.5 Fighting
 - Level 1.0 Long Blades
 - Level 12.0 Staves
 - Level 1.0 Armour
 - Level 5.2 Dodging
 - Level 7.1 Spellcasting
 - Level 9.1 Conjurations
 - Level 2.8 Hexes
 * Level 14.8 Fire Magic
 - Level 0.6 Earth Magic
 - Level 4.0 Evocations


You had 11 spell levels left.
You knew the following spells:

 Your Spells              Type           Power      Damage    Failure   Level
a - Foxfire               Conj/Fire      100%       2x1d9     1%          1
b - Inner Flame           Hex/Fire       59%        N/A       1%          3
c - Ignition              Fire           39%        3d12      21%         8
d - Sticky Flame          Conj/Fire      70%        2d8       1%          4

Your spell library contained the following spells:

 Spells                   Type           Power      Damage    Failure   Level
 Flame Wave               Conj/Fire      70%        2d11      1%          4
 Conjure Flame            Conj/Fire      70%        6-21      1%          3
 Ignite Poison            Fire/Tmut/Pois 40%        N/A       1%          3
 Stone Arrow              Conj/Erth      52%        3d10      1%          3
 Tukima's Dance           Hex            18%        N/A       4%          3
 Olgreb's Toxic Radiance  Pois           7%         N/A       14%         4
 Gell's Gravitas          Tloc           7%         N/A       16%         3
 Lesser Beckoning         Tloc           7%         N/A       16%         3
 Teleport Other           Tloc           7%         N/A       16%         3
 Cause Fear               Hex            9%         N/A       16%         4
 Yara's Violent Unravell  Hex/Tmut       6%         3d5       21%         5
 Animate Armour           Summ/Erth      16%        N/A       41%         4
 Passage of Golubria      Tloc           7%         N/A       45%         4
 Ozocubu's Refrigeration  Ice            3%         4d5       99%         7
 Dragon Form              Tmut           3%         N/A       100%        7
 Malign Gateway           Summ/Tloc      3%         N/A       100%        7
 Discord                  Hex            9%         N/A       100%        8
 Lehudib's Crystal Spear  Conj/Erth      13%        10d4      100%        8
 Summon Horrible Things   Summ           3%         N/A       100%        8
 Dragon's Call            Summ           3%         N/A       100%        9


Dungeon Overview and Level Annotations

Branches:
Dungeon (13/15)            Temple (1/1) D:4            Lair (5/6) D:9
  Swamp (0/4) Lair:2        Snake (0/4) Lair:4          Orc (0/2) D:9
  IceCv (visited)         Volcano (visited)         Gauntlet (visited)
  Slime: Lair:5-6    Vaults: D:13-14

Altars:
Kikubaaqudgha
Okawaru
Qazlal
Trog
Vehumet
Wu Jian
Yredelemnul
Zin

Shops:
D:1 =   D:9 (


Innate Abilities, Weirdness & Mutations

You have a pair of antennae on your head.
You are mostly covered in yellow scales. (AC +3)
You frequently emit foul miasma when damaged in melee.
When hurt, damage is shared between your health and your magic reserves.
You regenerate magic rapidly.


Message History

A vampire mosquito is nearby!
The vampire mosquito buzzes angrily.
You hear an angry buzzing noise.
As you read the scroll of teleportation {@r4}, it crumbles to dust.
You feel strangely unstable.
The vampire mosquito closely misses you.
The vampire mosquito bites you!
You emit a cloud of foul miasma!
Casting: Sticky Flame (safe; 1% risk of failure)
Confirm with . or Enter, or press ? or * to list all spells.
Aiming: Sticky Flame (safe; 1% risk of failure)
Press: ? - help, Shift-Dir - straight line You feel a surge of power!
The sticky flame hits something.
The orc wizard is covered in liquid flames!
The orc wizard burns!
The vampire mosquito bites you but does no damage.
The orc wizard hits you but does no damage.
The vampire mosquito bites you.
You barely miss the vampire mosquito.
The vampire mosquito bites you but does no damage.
The orc wizard points at you and mumbles some strange words.
The puff of flame hits you. You resist.
You hit the vampire mosquito. You burn the vampire mosquito!
The vampire mosquito is heavily damaged.
Your surroundings suddenly seem different.
Vehumet accepts your kill.
You feel your power returning.
You feel a bit more experienced.
You open the door.
A cyclops comes into view.
The cyclops shouts!
There is an open door here.
The cyclops throws a large rock.
The large rock hits you!!
* * * LOW HITPOINT WARNING * * *
As you read the scroll of fog, it crumbles to dust.
The scroll dissolves into smoke.
The cyclops throws a large rock.
The large rock hits you!
* * * LOW HITPOINT WARNING * * *
As you read the scroll of fog, it crumbles to dust.
The scroll dissolves into smoke.
There is a stone staircase leading up here.
The cyclops throws a large rock.
The large rock hits you!!
You die...

#.#######o# #.# ##{## ##.#
##...## ##.#.# ##§§§.§##
####.###.##§§§.§..##
#####...## ##§§§{C§§...#
[........# #.§§§§§§....'.
#####.#...#.##§§§.§....###
##.##.#.# ##§@§§...##
#...##### ##§§.§.## #
#.#..## ##.§§## #...#...#
##'## #.#####.# #.# .#
#...#...# #.# #######.# #
#.#.[## #######.##
#.....#.# #...##
#........## #.###.#.#
###.# #.###.....# #.#
#.#y#


You could see a cyclops.

Vanquished Creatures
  Jorgrun (D:13)
  An azure jelly (IceCv)
  2 quicksilver oozes (IceCv)
  Snorg (D:13)
  A boulder beetle (D:11)
  5 hydras
  Erica (Lair:2)
  5 two-headed ogres
  3 death yaks (D:9)
  Sonja (D:13)
  A necromancer (Gauntlet)
  A deep elf pyromancer (D:12)
  A wizard (D:12)
  A manticore (D:11)
  A shining eye (Gauntlet)
  2 ugly things
  A centaur zombie (D:10)
  9 elephants
  4 cyclopes
  A torpor snail (Lair:3)
  Joseph (D:8)
  A guardian serpent (Lair:4)
  A black mamba (Lair:2)
  5 gargoyles
  11 cane toads
  An unseen horror (D:7)
  A kobold demonologist (D:10)
  5 komodo dragons
  3 entropy weaver simulacra (IceCv)
  2 polar bears
  Grinder (D:3)
  5 trolls
  2 tyrant leeches
  10 blink frogs
  Prince Ribbit (D:8)
  15 slime creatures (IceCv)
  A shadow (D:9)
  6 wyverns
  4 hogs (D:10)
  A human (D:10)
  2 basilisks
  21 yaks
  A vampire mosquito (D:13)
  A golden eye (Gauntlet)
  Menkaure (D:7)
  4 swamp worms
  3 acid dragons
  A demonic crawler simulacrum (IceCv)
  10 water moccasins
  A sky beast (D:6)
  2 hornet zombies
  An orc warrior (D:11)
  A black bear (Lair:5)
  2 ugly thing simulacra (IceCv)
  A necrophage (D:6)
  3 wolves (Gauntlet)
  9 centaurs
  3 kobold brigands
  A scorpion (D:5)
  A wyvern zombie (D:7)
  10 bullfrogs
  4 glowing shapeshifter simulacra (IceCv)
  A water moccasin skeleton (D:5)
  A wyvern skeleton (D:7)
  9 killer bees
  4 electric eels (Lair:1)
  3 wights (D:7)
  4 howler monkeys
  A bullfrog zombie (D:7)
  7 jellies
  9 hounds
  7 orc priests
  Jessica (D:2)
  A centaur skeleton (D:7)
  An iguana (D:6)
  5 orc wizards
  7 hell rats (Lair:3)
  A killer bee zombie (D:8)
  4 gnolls
  A howler monkey skeleton (D:6)
  A howler monkey zombie (D:8)
  10 adders
  A shadow imp (D:6)
  A white imp (D:8)
  An ufetubus (D:6)
  2 adder skeletons (D:4)
  3 worms
  2 dart slugs
  22 orcs
  5 endoplasms
  5 giant cockroaches
  7 goblins
  4 hobgoblins
  3 jackals (D:1)
  19 kobolds
  4 quokkas (D:1)
  5 ball pythons
  4 bats
  3 frilled lizards (D:1)
  2 rats
374 creatures vanquished.

Vanquished Creatures (collateral kills)
  5 foxfires
5 creatures vanquished.

Vanquished Creatures (others)
  A demonic crawler simulacrum (IceCv)
  4 demonic plants (Gauntlet)
  1261 foxfires
  9 fungi
  29 plants
1304 creatures vanquished.

Grand Total: 1683 creatures vanquished

Notes
Turn   | Place    | Note
-------+----------+-------------------------------------------
     0 | D:1      | freelancePsychic the Demonspawn Wanderer began the quest
                  | for the Orb.
     0 | D:1      | freelancePsychic set off with the following items: a +0
                  | falchion, a piece from Xom's chessboard (15/15), a +0 robe;
                  | and the following spell memorised: Foxfire; and the
                  | following spells available to memorise: Inner Flame, Sticky
                  | Flame
     0 | D:1      | Reached XP level 1. HP: 13/13 MP: 2/2
   259 | D:1      | Gained mutation: You may rarely emit foul miasma when
                  | damaged in melee. [demonic ancestry]
   259 | D:1      | Reached XP level 2. HP: 7/19 MP: 0/4
   610 | D:1      | Found Ehityhur's One-of-a-Kind Rings.
   735 | D:1      | Reached skill level 1 in Conjurations
   961 | D:1      | Gained mutation: You have a pair of small antennae on your
                  | head. [demonic ancestry]
   961 | D:1      | Reached XP level 3. HP: 24/24 MP: 2/6
  1667 | D:2      | Noticed Jessica
  1671 | D:2      | Killed Jessica
  1672 | D:2      | Gained mutation: You sometimes emit foul miasma when
                  | damaged in melee. [demonic ancestry]
  1672 | D:2      | Reached XP level 4. HP: 30/30 MP: 2/7
  1747 | D:2      | Reached skill level 5 in Fire Magic
  2152 | D:2      | Learned a level 3 spell: Inner Flame
  2692 | D:3      | Noticed Grinder
  2713 | D:3      | Paralysed by Grinder for 5 turns
  2720 | D:3      | Paralysed by Grinder for 5 turns
  2745 | D:3      | Killed Grinder
  2746 | D:3      | Reached XP level 5. HP: 31/35 MP: 0/9
  2746 | D:3      | Reached XP level 6. HP: 37/41 MP: 0/10
  2870 | D:3      | Found a faded altar of an unknown god.
  4243 | D:4      | Reached skill level 6 in Fire Magic
  4243 | D:4      | Reached XP level 7. HP: 43/47 MP: 1/11
  4401 | D:4      | Found a staircase to the Ecumenical Temple.
  4465 | Temple   | Entered the Ecumenical Temple
  4501 | Temple   | Became a worshipper of Vehumet
  4620 | D:5      | Entered Level 5 of the Dungeon
  4628 | D:5      | Reached skill level 1 in Fighting
  5112 | D:4      | Learned a level 4 spell: Sticky Flame
  5573 | D:6      | Gained mutation: You are partially covered in yellow
                  | scales. (AC +2) [demonic ancestry]
  5573 | D:6      | Reached XP level 8. HP: 57/57 MP: 4/12
  5703 | D:6      | Reached skill level 5 in Conjurations
  6052 | D:6      | Reached skill level 7 in Fire Magic
  6525 | D:6      | Reached * piety under Vehumet
  6525 | D:6      | Offered knowledge of Sandblast by Vehumet.
  7313 | D:7      | Killed an unseen horror
  7458 | D:7      | Reached skill level 5 in Fighting
  7458 | D:7      | Reached XP level 9. HP: 68/68 MP: 8/14
  7820 | D:7      | Noticed Menkaure
  7824 | D:7      | Killed Menkaure
  8081 | D:7      | Found a stormy altar of Qazlal.
  8289 | D:8      | Noticed Prince Ribbit
  8295 | D:8      | Killed Prince Ribbit
  8377 | D:8      | Reached skill level 8 in Fire Magic
  8456 | D:8      | Noticed Joseph
  8465 | D:8      | Killed Joseph
  8865 | D:8      | Reached skill level 5 in Spellcasting
  9457 | D:8      | You fall into a shaft and drop 2 floors!
  9457 | D:10     | Entered Level 10 of the Dungeon
  9457 | D:10     | Found an iron altar of Okawaru.
  9465 | D:10     | Noticed a two-headed ogre
  9471 | D:10     | Noticed a gargoyle
  9494 | D:10     | Killed a gargoyle
  9572 | D:10     | Found an ancient bone altar of Kikubaaqudgha.
  9603 | D:10     | Gained mutation: You are mostly covered in yellow scales.
                  | (AC +3) [demonic ancestry]
  9603 | D:10     | Reached XP level 10. HP: 65/77 MP: 6/18
  9848 | D:10     | Noticed a gargoyle
  9990 | D:9      | Noticed a two-headed ogre
 10000 | D:9      | Killed a two-headed ogre
 10308 | D:9      | Offered knowledge of Shock by Vehumet.
 10406 | D:9      | Reached ** piety under Vehumet
 10509 | D:9      | Found Biyth's Weapon Shoppe.
 10919 | D:9      | Found a staircase to the Lair.
 10920 | D:9      | Noticed a death yak
 10952 | D:9      | Noticed a death yak
 10962 | D:9      | Noticed a death yak
 10973 | D:9      | Reached skill level 1 in Staves
 10981 | D:9      | Killed a death yak
 10982 | D:9      | Gained mutation: You have a pair of antennae on your head.
                  | [demonic ancestry]
 10982 | D:9      | Reached XP level 11. HP: 48/86 MP: 1/20
 11002 | D:9      | Identified the +6 hunting sling of Beyond {speed, Dex+6}
 11105 | D:9      | Found a staircase to the Orcish Mines.
 11415 | D:9      | Killed a death yak
 11422 | D:9      | Killed a death yak
 11735 | D:10     | Reached skill level 9 in Fire Magic
 11877 | D:10     | Offered knowledge of Dazzling Flash by Vehumet.
 12073 | D:10     | Killed a two-headed ogre
 12074 | D:10     | Reached skill level 5 in Staves
 12283 | D:11     | Noticed a two-headed ogre
 12284 | D:11     | Noticed a boulder beetle
 12291 | D:11     | Killed a two-headed ogre
 12312 | D:11     | Killed a boulder beetle
 12457 | D:11     | Identified the +0 pair of boots of the Distant Future
                  | {-Tele rC- rCorr Str+9}
 12557 | D:11     | Reached *** piety under Vehumet
 12595 | D:11     | Reached skill level 10 in Fire Magic
 12746 | D:11     | Found a faded altar of an unknown god.
 13176 | D:11     | Gained mutation: You regenerate magic rapidly. [demonic
                  | ancestry]
 13176 | D:11     | Reached XP level 12. HP: 86/92 MP: 14/21
 13332 | Lair:1   | Entered Level 1 of the Lair of Beasts
 13436 | Lair:1   | Offered knowledge of Ignite Poison by Vehumet.
 14218 | Lair:2   | Found a frozen archway.
 14240 | IceCv    | Entered an ice cave
 14274 | IceCv    | Noticed a quicksilver ooze
 14278 | IceCv    | Killed a quicksilver ooze
 14279 | IceCv    | Reached skill level 10 in Staves
 14389 | IceCv    | Noticed a quicksilver ooze
 14401 | IceCv    | Reached **** piety under Vehumet
 14404 | IceCv    | Killed a quicksilver ooze
 14405 | IceCv    | Reached skill level 11 in Fire Magic
 14659 | IceCv    | Noticed an azure jelly
 14667 | IceCv    | Killed an azure jelly
 14939 | IceCv    | Found a viscous altar of Jiyva.
 14984 | IceCv    | Offered knowledge of Hailstorm by Vehumet.
 15139 | IceCv    | Identified the +2 robe "Ucucinonk" {Drain Str+4 Dex+8}
 15145 | IceCv    | Identified the ring "Ylorel" {Wiz rPois rN+++ Str-2 Dex+4}
 15308 | Lair:2   | Noticed a four-headed hydra
 15316 | Lair:2   | Killed a four-headed hydra
 15317 | Lair:2   | Reached skill level 10 in Fighting
 15399 | Lair:2   | Gained mutation: You frequently emit foul miasma when
                  | damaged in melee. [demonic ancestry]
 15399 | Lair:2   | Reached XP level 13. HP: 89/103 MP: 14/22
 15535 | Lair:2   | Noticed Erica
 15542 | Lair:2   | Killed Erica
 15774 | Lair:2   | Reached skill level 12 in Fire Magic
 15837 | Lair:2   | Found a staircase to the Swamp.
 16582 | Lair:3   | Found a gate leading to a gauntlet.
 16587 | Gauntlet | Entered a Gauntlet
 16587 | Gauntlet | Found a transporter.
 16587 | Gauntlet | Found a transporter.
 16587 | Gauntlet | Found a large runed translucent door.
 16587 | Gauntlet | Found a large runed translucent door.
 16587 | Gauntlet | Found a large runed translucent door.
 16587 | Gauntlet | Found a large runed translucent door.
 16587 | Gauntlet | Found a large runed translucent door.
 16587 | Gauntlet | Found a large runed translucent door.
 16587 | Gauntlet | Found a runed translucent door.
 16587 | Gauntlet | Found a runed translucent door.
 16587 | Gauntlet | Found a large runed translucent door.
 16587 | Gauntlet | Found a large runed translucent door.
 16587 | Gauntlet | Found a large runed translucent door.
 16587 | Gauntlet | Found a large runed translucent door.
 16587 | Gauntlet | Found a large runed translucent door.
 16587 | Gauntlet | Found a large runed translucent door.
 16591 | Gauntlet | Found a transporter.
 16591 | Gauntlet | Found a transporter.
 16592 | Gauntlet | Found a large runed translucent door.
 16592 | Gauntlet | Found a large runed translucent door.
 16592 | Gauntlet | Found a large runed translucent door.
 16592 | Gauntlet | Found a large runed translucent door.
 16596 | Gauntlet | Found a runed translucent gate.
 16596 | Gauntlet | Found a runed translucent gate.
 16596 | Gauntlet | Found a runed translucent gate.
 16598 | Gauntlet | Found a transporter.
 16613 | Gauntlet | Found a transporter.
 16623 | Gauntlet | Found a transporter.
 16623 | Gauntlet | Found a transporter.
 16627 | Gauntlet | Found a transporter.
 16654 | Gauntlet | Found a transporter.
 16661 | Gauntlet | Found a transporter.
 16703 | Gauntlet | Found a transporter.
 16714 | Gauntlet | Found a transporter.
 16736 | Gauntlet | Found a transporter.
 16831 | Gauntlet | Found a transporter.
 16845 | Gauntlet | Found a transporter.
 16947 | Gauntlet | Reached skill level 5 in Dodging
 17054 | Gauntlet | Learned a level 8 spell: Ignition
 17194 | Gauntlet | Identified the +10 scimitar of Wumobb {vorpal, Int+3}
 17194 | Gauntlet | Noticed a minotaur
 17361 | Lair:3   | Reached ***** piety under Vehumet
 17617 | Lair:3   | Offered knowledge of Flame Wave by Vehumet.
 18011 | Lair:3   | Reached skill level 13 in Fire Magic
 18553 | Lair:4   | Found a staircase to the Snake Pit.
 18978 | Lair:5   | Found a dark tunnel.
 18987 | Volcano  | Entered a volcano
 19699 | D:12     | Reached skill level 14 in Fire Magic
 20064 | D:12     | Gained mutation: When hurt, damage is shared between your
                  | health and your magic reserves. [demonic ancestry]
 20064 | D:12     | Reached XP level 14. HP: 109/111 MP: 24/24
 20274 | D:13     | Noticed Snorg
 20280 | D:13     | Killed Snorg
 20377 | D:13     | Noticed Sonja
 20377 | D:13     | Noticed Jorgrun
 20381 | D:13     | Killed Sonja
 20387 | D:13     | Killed Jorgrun
 20427 | D:13     | Hit by a large rock thrown by a cyclops

Illustrated notes

Levels and vault maps discovered:
D:1:      minmay_arrival_arboretum_small, layout_basic,
          nicolae_shop_unique_rings
D:2:      layout_loops_ring, hangedman_decor_riveting, uniq_jessica
D:3:      layout_basic, ebering_ecumenical_altar_rust, uniq_grinder
D:4:      layout_cave_pools, minmay_temple_entry_statues_pillars, minivault_1,
          cheibrodos_gnoll_hut
D:5:      layout_cave_pools, supply_closet_lemuel, kennysheep_generic_room_3
D:6:      layout_basic, hangedman_abyss_or_decor_slice
D:7:      layout_rooms, nicolae_qazlal_eye_of_the_storm,
          hangedman_decor_slide_cut, uniq_menkaure
D:8:      layout_basic, minmay_manual_mares, uniq_prince_ribbit1, uniq_joseph
D:9:      minmay_skewed_foursquare, layout_basic, dpeg_lair_monsters,
          orc_0_dummy, serial_shops, nicolae_diamond_shop, minivault_19,
          lightli_orcish_oven
D:10:     layout_basic, mainiacjoe_overflow_catch_the_wave, grunt_livestock
D:11:     layout_irregular_city, serial_column_ruins, column_ruins_temple_hall,
          column_ruins_square_medium, column_ruins_grid_3, column_ruins_grid_2,
          column_ruins_grid_4, column_ruins_open_tiny, column_ruins_open_medium
D:12:     cheibrodos_lost_city_excavation, layout_irregular_city
D:13:     minmay_clustersquares, layout_loops_corners, uniq_sonja, uniq_jorgrun,
          uniq_snorg
Temple:   mainiacjoe_temple_bowtie_tessellation
Lair:1:   layout_regular_city, serial_bayou, serial_bayou_lagoon_b,
          serial_bayou_pond_a, serial_bayou_lake_a, serial_bayou_ford_a
Lair:2:   layout_hall_layers, minmay_swamp_entry_worms,
          portal_ice_cave_entry_pillars_1, chequers_serial_rivers_small_b,
          grunt_megastairs_5, infiniplex_staircase_pool, uniq_erica
Lair:3:   layout_cave_pods, gauntlet_entry_generic, infiniplex_staircase_pool_2,
          grunt_megastairs_3
Lair:4:   layout_concentric_octagons, minmay_snake_entry_spellcaster,
          basic_altar
Lair:5:   dragon1_lemuel, layout_cave_pods, nicolae_volcano_entry_lava_flow

Skill      XL: |  1  2  3  4  5  6  7  8  9 10 11 12 13 |
---------------+----------------------------------------+-----
Conjurations   | 1 3 4 6 7 8 9 |  9.1
Spellcasting   | 2 3 5 6 7 |  7.1
Fire Magic     | 5 6 7 8 10 11 14 | 14.8
Hexes          | 2 |  2.8
Fighting       | 2 5 6 7 10 | 10.5
Dodging        | 2 4 5 |  5.2
Staves         | 2 9 11 12 | 12.0
Evocations     | 2 4 |  4.0
Long Blades    | |  1.0
Armour         | |  1.0
Earth Magic    | |  0.6

Action                   |  1- 3 |  4- 6 |  7- 9 | 10-12 | 13-15 || total
-------------------------+-------+-------+-------+-------+-------++-------
Melee: Falchion          |    22 |     4 |       |       |       ||    26
       Whip              |       |    40 |    63 |    35 |       ||   138
       Staff             |       |       |       |    92 |   100 ||   192
 Cast: Foxfire           |    39 |    85 |   155 |   248 |   206 ||   733
       Inner Flame       |       |     4 |    27 |    92 |    80 ||   203
       Sticky Flame      |       |       |    15 |    30 |    24 ||    69
Evoke: Wand              |       |       |     1 |     3 |     7 ||    11
  Use: Potion            |       |     2 |     2 |       |     5 ||     9
       Scroll            |       |     2 |     6 |     8 |    16 ||    32
 Stab: Sleeping          |     2 |       |       |       |       ||     2
       Paralysed         |       |       |       |     8 |       ||     8
Armor: Robe              |     4 |    19 |    48 |     3 |       ||    74
       Troll leather arm |       |       |       |    34 |    35 ||    69
Dodge: Dodged            |    12 |    34 |   127 |   168 |    73 ||   414

Table legend: (Time is in decaauts)
 A = Elapsed time spent in this place.
 B = Non-inter-level travel time spent in this place.
 C = Inter-level travel time spent in this place.
 D = Time resting spent in this place.
 E = Time spent auto-exploring this place.
 F = Levels seen in this place.
 G = Mean time per level.
                   A        B        C        D        E       F      G
               +--------+--------+--------+--------+--------+-----+--------+
         Total |  20424 |  19492 |    932 |   1094 |  14511 |  22 |  928.4 |
       Dungeon |  14211 |  13550 |    661 |    732 |  10448 |  13 | 1093.2 |
        Temple |     60 |     36 |     24 |      0 |     26 |   1 |   60.0 |
          Lair |   4403 |   4157 |    246 |    119 |   3261 |   5 |  880.6 |
      Ice Cave |    968 |    968 |      0 |    188 |    313 |   1 |  968.0 |
       Volcano |    159 |    159 |      0 |     46 |     57 |   1 |  159.0 |
      Gauntlet |    620 |    620 |      0 |      9 |    406 |   1 |  620.0 |
               +--------+--------+--------+--------+--------+-----+--------+

Top non-repeatable levels by time:
     D:6: 1977 daAuts
     D:9: 1559 daAuts
     D:8: 1507 daAuts
     D:1: 1368 daAuts
  Lair:2: 1361 daAuts
     D:4: 1183 daAuts
     D:3: 1124 daAuts
    D:10: 1119 daAuts
    D:11: 1106 daAuts
  Lair:3: 1093 daAuts
     D:2: 1061 daAuts
     D:7: 1035 daAuts
   IceCv: 968 daAuts
  Lair:1: 938 daAuts
  Lair:4: 724 daAuts
